 Dungeon Crawl Stone Soup version 0.22.0-38-g04b72b8 (webtiles) character file.

65 Starchild the Bolt Thrower (level 4, -2/25 HPs)
             Began as a Kobold Arcane Marksman on Aug 28, 2018.
             Killed from afar by an orc wizard (8 damage)
             ... with a magic dart
             ... on level 3 of the Dungeon.
             The game lasted 00:10:46 (1950 turns).

Starchild the Bolt Thrower (Kobold Arcane Marksman) Turns: 1950, Time: 00:10:47

Health: -2/25      AC:  2    Str:  7    XL:     4   Next: 35%
Magic:  5/5        EV: 15    Int: 14    God:
Gold:   149        SH:  0    Dex: 16    Spells: 2/5 levels left

rFire    . . .     SeeInvis .   a - +0 hand crossbow
rCold    . . .     Gourm    .   (shield restricted)
rNeg     . . .     Faith    .   e - +0 robe
rPois    .         Spirit   .   (no helmet)
rElec    .         Reflect  .   (no cloak)
rCorr    .         Harm     .   (no gloves)
MR       .....                  (no boots)
Stlth    +.........             (no amulet)
HPRegen  0.08/turn              m - ring of flight
MPRegen  0.09/turn              (no ring)

@: no status effects
A: small, carnivore
a: Evoke Flight


You were on level 3 of the Dungeon.
You were not hungry.

You visited 1 branch of the dungeon, and saw 3 of its levels.

You collected 149 gold pieces.

Inventory:

Hand Weapons
 a - a +0 hand crossbow (weapon)
 g - a +0 dagger
Missiles
 d - 11 bolts (quivered)
 j - 40 stones
Armour
 e - a +0 robe (worn)
Jewellery
 m - a ring of flight (left hand)
Scrolls
 b - 2 scrolls of amnesia
 h - a scroll of enchant weapon {unknown}
 l - 2 scrolls of identify
 n - a scroll of teleportation {unknown}
 r - a scroll of fog {unknown}
 s - 3 scrolls of immolation {unknown}
 t - a scroll of magic mapping {unknown}
Potions
 c - a potion of curing
 i - a potion of invisibility {unknown}
 k - 2 potions of might {unknown}
 o - a potion of heal wounds {unknown}
 p - a potion of flight {unknown}
 q - a potion of degeneration {unknown}
Comestibles
 f - 5 rations


   Skills:
 - Level 1.1 Fighting
 - Level 5.0 Crossbows
 - Level 2.4 Dodging
 - Level 1.1 Spellcasting
 + Level 3.1 Hexes


You had 2 spell levels left.
You knew the following spells:

 Your Spells              Type           Power        Failure   Level  Hunger
a - Corona                Hex            #......      7%          1    ##.....
b - Slow                  Hex            #.......     11%         2    ###....

Your spell library contained the following spells:

 Spells                   Type           Power        Failure   Level  Hunger
 Inner Flame              Hex/Fire       #.......     38%         3    ####...
 Portal Projectile        Hex/Tloc       #.....       38%         3    ####...
 Cause Fear               Hex            #.........   56%         4    #####..
 Leda's Liquefaction      Hex/Erth       #.........   80%         4    #####..


Dungeon Overview and Level Annotations

Branches:
Dungeon (3/15)

Altars:


Innate Abilities, Weirdness & Mutations

You are small and have problems with some larger weapons.
You are carnivorous and can eat meat at any time.


Message History

Press: ? - help, Shift-Dir - straight line, f - orc priest
Aim: an orc priest, wearing a leather armour You shoot a bolt.
The bolt hits the orc wizard!
The orc wizard is heavily wounded.
Firing (i - inventory. (/) - cycle)
d - 13 bolts (quivered)
Press: ? - help, Shift-Dir - straight line, f - orc wizard
Aim: an orc wizard, wielding a dagger and wearing a robe (heavily wounded, fast)
You shoot a bolt. The bolt misses the orc wizard.
The orc wizard closely misses you.
The orc wizard hits you but does no damage.
Firing (i - inventory. (/) - cycle)
d - 12 bolts (quivered)
Press: ? - help, Shift-Dir - straight line, f/p - orc wizard
Aim: an orc wizard, wielding a dagger and wearing a robe (heavily wounded, fast)
You shoot a bolt. The bolt hits the orc wizard.
The orc wizard is severely wounded.
The orc wizard hits you with a dagger.
* * * LOW HITPOINT WARNING * * *
The orc wizard points at you and mumbles some strange words.
The magic dart hits you!
You die...

(.# ..# ..#
##### ..#
#@o.# ..#
#.#(# ..#
#.#o###..#
..#.ooo..#
#######o..#
..#.#
.#.#.#
o..o# # ..
..#


You could see an orc wizard.

Vanquished Creatures
  2 adders (D:2)
  A dart slug (D:1)
  5 leopard geckos
  7 bats
  3 giant cockroaches (D:2)
  7 goblins
  5 hobgoblins
  A quokka (D:2)
  3 frilled lizards
  A kobold (D:1)
  2 rats (D:1)
37 creatures vanquished.

Notes
Turn   | Place    | Note
-------+----------+-------------------------------------------
     0 | D:1      | Starchild the Kobold Arcane Marksman began the quest for the Orb.
     0 | D:1      | Reached XP level 1. HP: 12/12 MP: 2/2
   100 | D:1      | Reached skill level 3 in Crossbows
   130 | D:1      | Reached XP level 2. HP: 16/16 MP: 3/3
   621 | D:1      | Reached skill level 4 in Crossbows
   621 | D:1      | Reached XP level 3. HP: 20/20 MP: 4/4
   756 | D:1      | Learned a level 2 spell: Slow
  1205 | D:2      | Reached XP level 4. HP: 15/25 MP: 2/5
  1210 | D:2      | Reached skill level 5 in Crossbows
  1950 | D:3      | Killed from afar by an orc wizard

Skill      XL: |  1  2  3  4 |
---------------+-------------+-----
Crossbows      | 3 4 5 |  5.0
Fighting       | |  1.1
Dodging        | |  2.4
Spellcasting   | |  1.1
Hexes          | |  3.1

Action                   |  1- 3 |  4- 6 || total
-------------------------+-------+-------++-------
 Fire: Hand crossbow     |    71 |    20 ||    91
 Cast: Corona            |     1 |       ||     1
  Use: Scroll            |     3 |       ||     3
       Potion            |       |     1 ||     1
  Eat: Chunk             |     6 |       ||     6
Armor: Robe              |     2 |     3 ||     5
Dodge: Dodged            |    17 |     7 ||    24
